 Dungeon Crawl Stone Soup version 0.16.1-18-g436b03c (webtiles) character file.

12530 angrylion the Blocker (level 11, -8/97 HPs)
             Began as a Minotaur Fighter on May 2, 2015.
             Was a High Priest of Okawaru.
             Killed from afar by Nergalle (23 damage)
             ... with a bolt of negative energy
             ... on level 3 of the Lair of Beasts.
             The game lasted 01:33:15 (12873 turns).

angrylion the Blocker (Minotaur Fighter)           Turns: 12873, Time: 01:33:15

Health: -8/97      AC: 17    Str: 23    XL:     11   Next: 63%
Magic:  7/9        EV: 13    Int:  8    God:    Okawaru [*****.]
Gold:   545        SH: 11    Dex: 11    Spells: 0 memorised, 10 levels left

rFire  . . .     SeeInvis .     u - +0 trident
rCold  . . .     Clarity  .     L - +0 chain mail
rNeg   . . .     SustAb   .     c - +0 shield
rPois  .         Gourm    .     (helmet restricted)
rElec  .         Spirit   .     E - +0 cloak
rCorr  +         Warding  .     g - +1 pair of gloves
rMut   .         Stasis   .     I - +2 pair of boots
MR     ++...                    j - amulet of resist corrosion
Stlth  ..........               a - ring of the Mage {Wiz MR++ Int+3}
                                i - +5 ring of evasion

@: finesse, heavily drained, very resistant to hostile enchantments, extremely
unstealthy
A: retaliatory headbutt, horns 2
a: Heroism, Finesse, Renounce Religion


You were on level 3 of the Lair of Beasts.
You worshipped Okawaru.
Okawaru was extremely pleased with you.
You were not hungry.

You visited 3 branches of the dungeon, and saw 12 of its levels.

You collected 545 gold pieces.

Inventory:

Hand weapons
 u - a +0 trident (weapon)
Missiles
 k - 2 poisoned javelins (quivered)
 q - 6 javelins of returning
 H - 20 tomahawks
 P - 6 tomahawks of returning
Armour
 c - a +0 shield (worn)
 g - a +1 pair of gloves (worn)
 E - a +0 cloak (worn)
 I - a +2 pair of boots (worn)
 L - a +0 chain mail (worn)
Jewellery
 a - the ring of the Mage (right hand) {Wiz MR++ Int+3}
   (You took it off a goblin on level 4 of the Dungeon)

   [ring of wizardry]

   It improves your spell success rate.
   It affects your intelligence (+3).
   It affects your resistance to hostile enchantments.
 i - a +5 ring of evasion (left hand)
 j - an amulet of resist corrosion (around neck)
 J - an uncursed ring of fire
 N - the amulet of Fuenounu {Inacc rElec rC+ SInv}
   (You found it on level 8 of the Dungeon)

   [amulet of inaccuracy]

   It reduces the accuracy of all your attacks.
   It protects you from cold.
   It insulates you from electricity.
   It enhances your eyesight.
Magical devices
 b - a wand of enslavement (3)
 o - a wand of slowing (17)
 v - a wand of digging (8)
Scrolls
 f - 2 scrolls of teleportation
 l - 5 scrolls of fear
 n - a scroll of remove curse
 x - 2 scrolls of amnesia {unknown}
 y - 3 scrolls of recharging
 C - a scroll of holy word {unknown}
 D - a scroll of immolation {unknown}
 O - a scroll of enchant weapon {unknown}
 Q - a scroll of enchant armour
Potions
 h - a potion of restore abilities
 p - 2 potions of curing
 r - 2 potions of berserk rage {unknown}
 s - a potion of agility
 t - 3 potions of brilliance
 w - a potion of mutation {unknown}
 z - 2 potions of might
 B - 3 potions of lignification
 F - a potion of flight {unknown}
 G - 2 potions of resistance
 K - a potion of degeneration {unknown}
 M - a potion of haste {unknown}
Comestibles
 d - 10 bread rations
 m - 3 royal jellies
 A - 3 meat rations


   Skills:
 + Level 9.6(6.3) Fighting
 + Level 10.9(7.5) Polearms
 + Level 5.2(2.2) Throwing
 + Level 9.3(6.1) Armour
 + Level 6.4(3.4) Dodging
 + Level 2.0(0.0) Stealth
 + Level 11.3(7.9) Shields
 + Level 1.6(0.0) Invocations
 + Level 2.8(0.1) Evocations


You had 10 spell levels left.
You didn't know any spells.

Dungeon Overview and Level Annotations

Branches:
Dungeon (8/15)             Temple (1/1) D:7            Lair (3/8) D:8
  Swamp: Lair:3-6    Shoals: Lair:3-6     Snake: Lair:3-6    Spider: Lair:3-6

Altars:
Ashenzari
Dithmenos
Elyvilon
Fedhas
Gozag
Kikubaaqudgha
Makhleb
Nemelex Xobeh
Okawaru
Qazlal
Ru
Sif Muna
Vehumet
Yredelemnul
Zin

Shops:
D:5 [

Annotations:
Lair:3 Nergalle


Innate Abilities, Weirdness & Mutations

You reflexively headbutt those who attack you in melee.
You have a pair of horns on your head.


Message History

Nergalle is almost dead.
Nergalle is no longer invulnerable.
The spectral orc knight barely misses you.
You furiously retaliate!
You headbutt the spectral orc knight, but do no damage.
Nergalle points at you and mumbles some strange words.
The bolt of negative energy hits you!
You feel drained.
* * * LOW HITPOINT WARNING * * *
The bolt of negative energy hits the spectral orc.
The spectral orc completely resists.
The spectral orc warrior misses you.
Drink which item? (? for menu, Esc to quit)
You feel better.
You block the spectral orc knight's attack.
The spectral orc warrior completely misses you.
You furiously retaliate!
You headbutt the spectral orc warrior.
The spectral orc hits you but does no damage.
You block the spectral orc warrior's attack.
Nergalle casts a spell at you. The bolt of negative energy hits you!
You feel drained.
You die...

## ######## #.### ###
.#.##..####.#.###.#####P##
...............ZZZ........
####...........Z@oZ.(((.(.
##.....#.#.ZP##P.#####
####..######...# ###
##.##[.P###.#..##
........P......P######P#
........................
...............:........
#.P.>..#..####...P..#..#
###..###### ##..P### #


You could see Nergalle, 2 spectral orcs, 3 spectral orc warriors and a spectral
orc knight.

Vanquished Creatures
  Fannar (Lair:1)
  The ghost of jazmu the Cudgeler, an experienced KoAM of Okawaru (D:7)
  A black mamba (Lair:1)
  8 spiny frogs
  5 blink frogs (Lair:2)
  12 yaks
  3 basilisks
  A spriggan (D:8)
  2 hippogriffs
  11 wolves
  A porcupine (Lair:1)
  2 water moccasins (D:7)
  2 orc warriors
  A centaur (D:5)
  2 phantoms (D:8)
  4 ice beasts
  6 crocodiles
  2 big kobolds
  4 giant frogs
  4 scorpions
  An electric eel (Lair:2)
  2 goliath beetles
  3 crimson imps
  A giant frog zombie (D:6)
  A centaur skeleton (D:6)
  3 orc priests
  15 hounds
  3 orc wizards (D:7)
  Natasha (thrice) (D:3)
  4 iguanas
  6 worker ants
  2 killer bee zombies
  9 sheep
  A hound zombie (D:8)
  Terence (D:3)
  A mummy (D:5)
  A worker ant zombie (D:5)
  Robin (D:3)
  8 adders
  59 river rats
  2 shadow imps
  2 giant mites
  An adder zombie (D:5)
  4 giant geckos
  An ooze (D:1)
  23 orcs
  3 ball pythons
  A bat skeleton (D:4)
  A bat zombie (D:5)
  5 giant cockroaches
  11 goblins
  14 hobgoblins
  10 bats
  A giant cockroach zombie (D:5)
  2 giant newts
  3 giant spores (D:8)
  3 hobgoblin zombies (D:5)
  5 jackals
  21 kobolds
  An orc zombie (D:5)
  8 quokkas
  A quokka skeleton (D:7)
  13 rats
  3 spectral orcs (Lair:3)
  9 ballistomycetes (D:8)
  A butterfly (D:7)
  2 plants
349 creatures vanquished.

Vanquished Creatures (collateral kills)
  A river rat (Lair:2)
  2 quokkas (Lair:1)
3 creatures vanquished.

Vanquished Creatures (others)
  A crocodile (Lair:2)
  An adder (Lair:1)
  A river rat (Lair:2)
3 creatures vanquished.

Grand Total: 355 creatures vanquished

Notes
Turn   | Place    | Note
--------------------------------------------------------------
     0 | D:1      | angrylion, the Minotaur Fighter, began the quest for the Orb.
     0 | D:1      | Reached XP level 1. HP: 19/19 MP: 1/1
   513 | D:1      | Reached XP level 2. HP: 25/27 MP: 1/1
  1347 | D:2      | Reached skill level 4 in Fighting
  1761 | D:2      | Reached XP level 3. HP: 33/33 MP: 2/2
  2181 | D:3      | Noticed Natasha
  2187 | D:3      | Killed Natasha
  2383 | D:3      | Reached skill level 1 in Throwing
  2392 | D:3      | Reached XP level 4. HP: 40/40 MP: 2/2
  2432 | D:3      | Noticed Terence
  2446 | D:3      | Killed Terence
  2450 | D:3      | Reached skill level 1 in Dodging
  2585 | D:3      | Noticed Natasha
  2589 | D:3      | Killed Natasha
  2589 | D:3      | Reached skill level 5 in Armour
  2595 | D:3      | Reached XP level 5. HP: 46/46 MP: 2/2
  2694 | D:3      | Noticed Natasha
  2697 | D:3      | Killed Natasha
  2701 | D:3      | Noticed an ice beast
  2712 | D:3      | Killed an ice beast
  2824 | D:3      | Noticed Robin
  2830 | D:3      | Killed Robin
  3163 | D:4      | Reached XP level 6. HP: 53/53 MP: 3/3
  3167 | D:4      | Found an iron altar of Okawaru.
  3181 | D:4      | Became a worshipper of Warmaster Okawaru
  3566 | D:4      | Found a radiant altar of Vehumet.
  3731 | D:5      | Entered Level 5 of the Dungeon
  4206 | D:5      | Reached skill level 5 in Fighting
  4242 | D:5      | Found Rammuif's Armour Shoppe.
  4419 | D:5      | Acquired Okawaru's first power
  4419 | D:5      | Reached skill level 5 in Shields
  4419 | D:5      | Reached XP level 7. HP: 56/61 MP: 3/3
  4615 | D:5      | Reached skill level 6 in Armour
  4828 | D:6      | Found a deep blue altar of Sif Muna.
  5357 | D:6      | Reached skill level 5 in Polearms
  6256 | D:7      | Found a staircase to the Ecumenical Temple.
  6266 | D:7      | Reached XP level 8. HP: 40/70 MP: 3/3
  6286 | Temple   | Entered the Ecumenical Temple
  6550 | D:7      | Reached skill level 1 in Stealth
  6780 | D:7      | Noticed jazmu's ghost (experienced KoAM)
  6806 | D:7      | Killed jazmu's ghost
  6806 | D:7      | Reached skill level 7 in Shields
  7034 | D:7      | Reached XP level 9. HP: 78/78 MP: 4/4
  7462 | D:8      | Reached skill level 8 in Shields
  7571 | D:8      | Found a staircase to the Lair.
  7749 | D:8      | Got a slimy diamond amulet
  7751 | D:8      | Identified the amulet of Fuenounu {Inacc rElec rC+ SInv} (You found it on level 8 of the Dungeon)
  9049 | D:1      | You fall through a shaft!
  9234 | Lair:1   | Entered Level 1 of the Lair of Beasts
  9287 | Lair:1   | Noticed a black mamba
  9287 | Lair:1   | Noticed a komodo dragon
  9379 | Lair:1   | Reached skill level 1 in Evocations
  9406 | Lair:1   | Reached skill level 9 in Shields
  9423 | Lair:1   | Received a gift from Okawaru
  9423 | Lair:1   | Reached XP level 10. HP: 83/86 MP: 6/6
  9469 | Lair:1   | Noticed a black mamba
  9477 | Lair:1   | Killed a black mamba
  9509 | Lair:1   | Acquired Okawaru's second power
  9690 | Lair:1   | Noticed a spiny frog
  9705 | Lair:1   | Killed a spiny frog
  9705 | Lair:1   | Received a gift from Okawaru
  9705 | Lair:1   | Reached skill level 5 in Dodging
  9893 | Lair:1   | Noticed Fannar
  9973 | Lair:1   | Noticed a spiny frog
  9977 | Lair:1   | Killed Fannar
  9988 | Lair:1   | Killed a spiny frog
  9988 | Lair:1   | Reached skill level 1 in Invocations
 10256 | Lair:1   | Noticed a spiny frog
 10266 | Lair:1   | Killed a spiny frog
 10266 | Lair:1   | Reached skill level 10 in Shields
 10337 | Lair:1   | Noticed a spiny frog
 10345 | Lair:1   | Killed a spiny frog
 10505 | Lair:1   | Received a gift from Okawaru
 11026 | Lair:2   | Reached XP level 11. HP: 97/97 MP: 8/8
 11058 | Lair:2   | Reached skill level 10 in Polearms
 11144 | Lair:2   | Received a gift from Okawaru
 11763 | Lair:2   | Received a gift from Okawaru
 12032 | Lair:2   | Reached skill level 11 in Shields
 12429 | Lair:3   | Received a gift from Okawaru
 12628 | Lair:3   | Reached skill level 5 in Throwing
 12791 | Lair:3   | Noticed Nergalle
 12873 | Lair:3   | Killed from afar by Nergalle

Action                   |  1- 3 |  4- 6 |  7- 9 | 10-12 || total
-------------------------+-------+-------+-------+-------++-------
Melee: Trident           |    75 |   152 |   533 |   701 ||  1461
Throw: Stone             |    40 |    38 |     6 |       ||    84
       Tomahawk          |       |       |    23 |    57 ||    80
       Javelin           |       |       |       |    10 ||    10
Invok: Finesse           |       |       |       |     2 ||     2
       Heroism           |       |       |       |     1 ||     1
Evoke: Wand              |       |       |    10 |    28 ||    38
  Use: Scroll            |     2 |     4 |     8 |     3 ||    17
       Potion            |     1 |     2 |     1 |     4 ||     8
 Stab: Distracted        |       |       |       |     2 ||     2
  Eat: Chunk             |     5 |     6 |    14 |     9 ||    34
       Fruit             |       |       |     3 |     2 ||     5
       Beef jerky        |       |       |       |     1 ||     1
